 Dungeon Crawl Stone Soup version 0.18.1-48-g4cf74bf (webtiles) character file.

229 Alarkh the Slasher (level 5, -2/38 HPs)
             Began as a Mummy Skald on Sept 13, 2016.
             Slain by an ooze (4 damage)
             ... in a sewer.
             The game lasted 00:03:23 (2487 turns).

Alarkh the Slasher (Mummy Skald)                    Turns: 2487, Time: 00:03:23

Health: -2/38      AC:  4    Str: 15    XL:     5   Next: 71%
Magic:  1/9        EV: 11    Int: 13    God:
Gold:   110        SH:  0    Dex: 16    Spells: 1 memorised, 9 levels left

rFire  x . .     SeeInvis .     a - +0 falchion
rCold  + . .     Gourm    .     b - +0 leather armour
rNeg   + + +     Faith    .     (no shield)
rPois  ∞         Spirit   .     (no helmet)
rElec  .         Dismiss  .     m - +0 cloak
rCorr  .         Reflect  .     (no gloves)
SustAt .         Harm     .     (no boots)
MR     .....                    (no amulet)
Stlth  +.........               (no ring)
                                f - +5 ring of dexterity

@: infused, not resistant to hostile enchantments, very unstealthy
A: no food or potions, fire vulnerability, cold resistance 1, negative energy
resistance 3, torment resistance, unbreathing
a: no special abilities


You were in a sewer.
You were not hungry.

You visited 1 branch of the dungeon, and saw 3 of its levels.
You also visited: Sewer.

You collected 110 gold pieces.

Inventory:

Hand Weapons
 a - a +0 falchion (weapon)
Missiles
 i - a throwing net (quivered)
Armour
 b - a +0 leather armour (worn)
 m - a +0 cloak (worn)
Jewellery
 f - a +5 ring of dexterity (left hand)
Wands
 k - a wand of flame (23/48)
Scrolls
 d - a scroll of magic mapping {unknown}
 e - a scroll of identify
 g - 5 scrolls of teleportation
 h - a scroll of enchant armour {unknown}
 j - 4 scrolls of remove curse {unknown}
 l - a scroll of random uselessness {unknown}
 n - a scroll of amnesia {unknown}
 p - a scroll of recharging {unknown}
Books
 c - a book of Battle

   Spells                             Type                      Level
   a - Infusion                       Charms                       1
   b - Shroud of Golubria             Charms/Translocation         2
   c - Song of Slaying                Charms                       2
   d - Spectral Weapon                Hexes/Charms                 3
   e - Regeneration                   Charms/Necromancy            3
 o - a book of the Dragon

   Spells                             Type                      Level
   a - Flame Tongue                   Conjuration/Fire             1
   b - Cause Fear                     Hexes                        4
   c - Bolt of Fire                   Conjuration/Fire             6
   d - Dragon Form                    Transmutation                7
   e - Dragon's Call                  Summoning                    9


   Skills:
 - Level 2.0 Fighting
 * Level 4.1 Long Blades
 - Level 0.7 Armour
 - Level 0.7 Dodging
 + Level 3.0 Spellcasting
 + Level 3.0 Charms


You had 9 spell levels left.
You knew the following spells:

 Your Spells              Type           Power        Failure   Level  Hunger
a - Infusion              Chrm           #...         10%         1    N/A

Dungeon Overview and Level Annotations

Branches:
Dungeon (3/15)

Altars:
Qazlal


Innate Abilities, Weirdness & Mutations

You do not eat or drink.
Your flesh is vulnerable to fire.
You are immune to poison.
Your flesh is cold resistant.
You are immune to negative energy.
You are immune to unholy pain and torment.
You can survive without breathing.


Message History

* * * LOW HITPOINT WARNING * * *
The rat closely misses you.
Your leather armour prevents you from hitting the rat.
The rat barely misses you. x2; The river rat bites you.
* * * LOW HITPOINT WARNING * * *
The rat closely misses you.
You hit the rat.
You kill the rat!
Your Spellcasting skill increases to level 3!
The rat bites you but does no damage. The rat bites you.
* * * LOW HITPOINT WARNING * * *
The river rat bites you but does no damage.
You hit the ooze.
The ooze is moderately wounded.
The rat closely misses you. The ooze closely misses you.
The rat bites you but does no damage. The river rat misses you.
You hit the ooze!
The ooze is almost dead.
The rat closely misses you. The ooze hits you.
You die...

#......≈≈≈≈≈≈....
#......≈≈≈≈≈.....
#.....≈≈≈≈......
#.....≈≈≈≈......
#.....≈≈≈≈......
##r....≈≈≈≈†....#
##rrr...≈≈≈≈†....#
#rrr##..≈≈≈≈≈.....
#@rr###.≈≈≈≈≈.....
##J..##≈≈≈≈≈≈≈....
#...#.≈≈≈≈≈≈≈....
##....≈≈≈≈≈≈≈....
#....≈≈≈≈≈≈≈....
#....≈≈≈≈≈≈≈≈...
....≈≈≈≈≈≈≈≈≈...
..≈≈≈≈≈≈≈≈≈...
≈≈≈≈≈≈≈≈...


You could see an ooze, a river rat and 8 rats.

Vanquished Creatures
  A big kobold (Sewer)
  Ijyb (D:2)
  3 adders
  3 river rats
  2 oozes
  A worm (D:2)
  A dart slug (D:1)
  A giant gecko (D:1)
  An orc (D:2)
  7 giant cockroaches
  4 goblins
  6 hobgoblins
  A quokka (D:2)
  3 ball pythons
  10 bats
  9 kobolds
  19 rats
73 creatures vanquished.

Notes
Turn   | Place    | Note
--------------------------------------------------------------
     0 | D:1      | Alarkh the Mummy Skald began the quest for the Orb.
     0 | D:1      | Reached XP level 1. HP: 16/16 MP: 3/3
    43 | D:1      | Reached skill level 2 in Long Blades
    77 | D:1      | Reached XP level 2. HP: 12/22 MP: 0/5
   485 | D:1      | Reached XP level 3. HP: 27/27 MP: 3/6
   702 | D:2      | Reached skill level 3 in Long Blades
  1244 | D:2      | Reached XP level 4. HP: 28/33 MP: 1/7
  1473 | D:2      | Noticed Ijyb
  1482 | D:2      | Killed Ijyb
  1629 | D:2      | Found a stormy altar of Qazlal.
  1774 | D:3      | Found a glowing drain.
  1793 | Sewer    | Entered a sewer
  1981 | Sewer    | Noticed a big kobold
  1995 | Sewer    | Killed a big kobold
  1995 | Sewer    | Reached skill level 4 in Long Blades
  1995 | Sewer    | Reached XP level 5. HP: 19/38 MP: 3/9
  2485 | Sewer    | HP: 1/38 [rat (2)]
  2487 | Sewer    | Slain by an ooze

Skill      XL: |  1  2  3  4  5 |
---------------+----------------+-----
Long Blades    | 2 3 4 |  4.1
Charms         | 3 |  3.0
Spellcasting   | 3 |  3.0
Fighting       | |  2.0
Armour         | |  0.7
Dodging        | |  0.7

Action                   |  1- 3 |  4- 6 || total
-------------------------+-------+-------++-------
Melee: Falchion          |   123 |    97 ||   220
 Cast: Infusion          |    23 |    14 ||    37
  Use: Scroll            |       |     1 ||     1
Armor: Leather armour    |    58 |    48 ||   106
Dodge: Dodged            |    77 |    97 ||   174
